Map: Alcyone LE

Players

Duderino

  • Race: Zerg Zerg
  • League: Platinum
  • Spawn Location: 1:00

Subwayeatn - Winner!

  • Race: Zerg Zerg
  • League: Platinum
  • Spawn Location: 7:00

VOD

Have the link to the VOD?

Description

Time

  • Played on: Nov. 9, 2023, 11:39 a.m.
  • Length: 3:24
Show
View Real Time Build Order
Export as new Build Order

Duderino Zerg 

Build Orders: Hatch First 

Get SALT Encoding   

  12  0:00  Drone  
  13  0:13  Overlord  
  13  0:17  Drone  
  14  0:32  Drone x2  
  16  0:50  Hatchery  
  16  0:54  Drone  
  16  0:56  Drone  
  17  1:10  Spawning Pool  
  16  1:13  Drone  
  16  1:17  Drone  
  18  1:21  Extractor  
  17  1:30  Drone  
  17  1:31  Drone  
  19  1:42  Overlord  
  19  1:51  Drone  
  20  2:04  Queen x2  
  20  2:05  Zergling x4  
  26  2:15  Drone  
  27  2:17  Overlord  
  27  2:25  Drone  
  27  2:26  Drone  
  29  2:38  Drone x2  
  31  2:53  Roach Warren  
  31  2:55  Drone x2  
  31  2:56  Evolution Chamber  
  35  3:13  Evolution Chamber  
Show
View Real Time Build Order
Export as new Build Order

Subwayeatn Zerg - Winner!

Build Orders: Pool First 

Get SALT Encoding   

  12  0:00  Drone  
  13  0:09  Drone  
  13  0:13  Extractor  
  13  0:28  Spawning Pool  
  12  1:01  Hatchery  
  11  1:16  Queen  
  13  1:28  Overlord  
  13  1:36  Metabolic Boost  
  13  1:42  Zergling x2  
  15  1:47  Zergling x2  
  15  1:51  Zergling x2  
  16  1:56  Zergling x2  
  17  2:04  Zergling x2  
  18  2:15  Queen  
  20  2:19  Zergling x2  
  21  2:24  Zergling x2  
  22  2:38  Zergling x6  
  25  2:51  Zergling x4  
  27  2:57  Zergling x2  
Tags
 
Add a new tag
Caveats
  • Supply blocks, unpowered buildings, or Contaminate may cause inaccurate times.
  • Supply counts are checked every 10 seconds.